 Dungeon Crawl Stone Soup version 0.22.0 (webtiles) character file.

701 DingoDongler the Cutter (level 7, -7/60 HPs)
             Began as a Gnoll Wanderer on Aug 16, 2018.
             Was a Follower of Trog.
             Killed from afar by an electric eel (10 damage)
             ... with a bolt of electricity
             ... while paralysed
             ... on level 4 of the Dungeon.
             The game lasted 00:17:19 (4228 turns).

DingoDongler the Cutter (Gnoll Wanderer)            Turns: 4228, Time: 00:17:19

Health: -7/60      AC:  7    Str: 19    XL:     7   Next: 66%
Magic:  10/10      EV:  2    Int: 19    God:    Trog [*.....]
Gold:   179        SH:  0    Dex: 13    Spells: 11/11 levels left

rFire    + . .     SeeInvis .   o - +0 war axe
rCold    + . .     Gourm    .   (no shield)
rNeg     . . .     Faith    .   t - +1 robe {rC+ rF+}
rPois    .         Spirit   .   l - +0 helmet
rElec    .         Reflect  +   (no cloak)
rCorr    .         Harm     .   (no gloves)
MR       .....                  (no boots)
Stlth    ++........             g - +4 amulet of reflection
HPRegen  0.20/turn              k - +6 ring of intelligence
MPRegen  0.12/turn              s - +3 ring of protection

@: paralysed, berserk cooldown, slowed
A: distributed training, fangs 1, strong nose
a: Berserk, Renounce Religion


You were on level 4 of the Dungeon.
You worshipped Trog.
Trog was aware of your devotion.
You were near starving.

You visited 2 branches of the dungeon, and saw 5 of its levels.

You collected 179 gold pieces.

Inventory:

Hand Weapons
 a - a +2 short sword
 b - a +0 quarterstaff
 c - a +0 mace
 o - a +0 war axe (weapon)
 y - a +0 great mace
Armour
 d - a +0 robe
 l - a +0 helmet (worn)
 t - a +1 robe of resistance (worn)
Jewellery
 g - a +4 amulet of reflection (around neck)
 k - a +6 ring of intelligence (left hand)
 s - a +3 ring of protection (right hand)
Wands
 z - a wand of flame (8)
Scrolls
 e - 4 scrolls of identify
 h - a scroll of blinking
 i - 4 scrolls of remove curse
 m - a scroll of fear
 q - 2 scrolls of amnesia {unknown}
 w - 2 scrolls of immolation {unknown}
Potions
 j - a potion of curing
 n - a potion of haste {unknown}
 p - a potion of might {unknown}
 r - a potion of brilliance {unknown}
 u - a potion of lignification {unknown}
 v - a potion of magic {unknown}
Comestibles
 f - 8 rations
 x - 4 chunks of flesh


   Skills:
 + Level 7.1 Fighting
 + Level 7.1 Short Blades
 + Level 2.5 Long Blades
 + Level 2.5 Axes
 + Level 2.5 Maces & Flails
 + Level 2.5 Polearms
 + Level 2.5 Staves
 + Level 2.5 Slings
 + Level 2.5 Bows
 + Level 2.5 Crossbows
 + Level 2.5 Throwing
 + Level 2.5 Armour
 + Level 5.3 Dodging
 + Level 2.5 Stealth
 + Level 5.3 Shields
 + Level 2.5 Unarmed Combat
 + Level 2.5 Spellcasting
 + Level 2.1 Conjurations
 + Level 2.1 Hexes
 + Level 2.1 Charms
 + Level 2.1 Summonings
 + Level 2.1 Necromancy
 + Level 2.1 Translocations
 + Level 2.1 Transmutations
 + Level 2.1 Fire Magic
 + Level 2.1 Ice Magic
 + Level 2.1 Air Magic
 + Level 2.1 Earth Magic
 + Level 2.1 Poison Magic
 + Level 2.8 Invocations
 + Level 2.5 Evocations


You had 11 spell levels left.
You didn't know any spells.
Your spell library was empty.

Dungeon Overview and Level Annotations

Branches:
Dungeon (4/15)             Temple (1/1) D:4

Altars:
Ashenzari
Cheibriados
Dithmenos
Elyvilon
Fedhas
Gozag
Hepliaklqana
Kikubaaqudgha
Okawaru
Ru
Sif Muna
Trog
Uskayaw
Vehumet
Wu Jian
Xom
The Shining One
Lugonu


Innate Abilities, Weirdness & Mutations

Your experience applies equally to all skills.
You have very sharp teeth.
Your uncanny sense of smell can sniff out nearby items.


Message History

You are near starving!
You are too injured to fight recklessly!
You feel a strong urge to attack something.
The electric eel shoots out a bolt of lightning at you!
The bolt of electricity hits you!
The bolt of electricity hits the plant. x2
You feel your anger nearly subside.
You are no longer berserk.
You pass out from exhaustion.
You feel yourself slow down.
The electric eel shoots out a bolt of lightning at you!
The bolt of electricity hits you!
* * * LOW HITPOINT WARNING * * *
The bolt of electricity hits you!
* * * LOW HITPOINT WARNING * * *
The bolt of electricity hits the plant.
The electric eel shoots out a bolt of lightning at you!
The bolt of electricity hits you!
* * * LOW HITPOINT WARNING * * *
The bolt of electricity hits you!
You die...

*,***+***,* **,,,,,**
#.#≈.,.≈#.####...>...#
#.#≈...≈#.............
#.#≈...≈#.#...........
#.#≈.♣.≈#...........##
#.#≈...≈#...##.......#
#.#≈...≈#..###........
#.#;...;#.###.........
#.###@###.#...#...<.#*
#.#P...P#.#.##.....##*
#.#8.©.8#..)##..####
#.#######..[....######
#....©................
##.........###########
#.........#
#.........#
#.........#


You could see 2 electric eels.

Vanquished Creatures
  A water moccasin (D:3)
  2 ogres (D:4)
  Blork the orc (D:4)
  A howler monkey (D:4)
  A crimson imp (D:4)
  A centaur skeleton (D:3)
  A jelly (D:3)
  An orc priest (D:3)
  A worker ant (D:4)
  Robin (D:4)
  4 adders
  5 oozes
  2 worms
  3 dart slugs
  A leopard gecko (D:1)
  3 orcs (D:3)
  2 giant cockroaches
  12 goblins
  14 hobgoblins
  8 jackals
  5 ball pythons
  9 bats
  8 frilled lizards
  2 jackal skeletons (D:4)
  8 kobolds
  A quokka skeleton (D:4)
  7 rats
  2 bushes (D:4)
107 creatures vanquished.

Notes
Turn   | Place    | Note
-------+----------+-------------------------------------------
     0 | D:1      | DingoDongler the Gnoll Wanderer began the quest for the Orb.
     0 | D:1      | DingoDongler set off with: a +2 short sword, a +0 quarterstaff, a potion of curing, a +0 robe, a ration
     0 | D:1      | Reached XP level 1. HP: 23/23 MP: 1/1
   206 | D:1      | Reached XP level 2. HP: 29/29 MP: 2/2
   493 | D:1      | Reached XP level 3. HP: 19/35 MP: 3/3
   650 | D:1      | Reached skill level 1 in Invocations
   733 | D:1      | You fall through a shaft!
   807 | D:2      | Reached skill level 1 in Long Blades
   807 | D:2      | Reached skill level 1 in Axes
   807 | D:2      | Reached skill level 1 in Maces & Flails
   807 | D:2      | Reached skill level 1 in Polearms
   807 | D:2      | Reached skill level 1 in Staves
   807 | D:2      | Reached skill level 1 in Slings
   807 | D:2      | Reached skill level 1 in Bows
   807 | D:2      | Reached skill level 1 in Crossbows
   807 | D:2      | Reached skill level 1 in Throwing
   807 | D:2      | Reached skill level 1 in Armour
   807 | D:2      | Reached skill level 1 in Stealth
   807 | D:2      | Reached skill level 1 in Unarmed Combat
   807 | D:2      | Reached skill level 1 in Spellcasting
   807 | D:2      | Reached skill level 1 in Evocations
  1045 | D:2      | Reached XP level 4. HP: 36/41 MP: 5/5
  1119 | D:2      | Found a bloodstained altar of Trog.
  1189 | D:2      | Became a worshipper of Trog the Wrathful
  1249 | D:2      | HP: 2/41 [worm (4)]
  1840 | D:2      | Found a radiant altar of Vehumet.
  1842 | D:2      | Found a hide-covered altar of Uskayaw.
  1843 | D:2      | Found a sacrificial altar of Ru.
  1844 | D:2      | Found an opulent altar of Gozag.
  1845 | D:2      | Found a shattered altar of Ashenzari.
  1846 | D:2      | Found a glowing golden altar of the Shining One.
  1847 | D:2      | Found a shimmering altar of Xom.
  1853 | D:2      | Found a snail-covered altar of Cheibriados.
  2138 | D:3      | Reached skill level 1 in Conjurations
  2138 | D:3      | Reached skill level 1 in Hexes
  2138 | D:3      | Reached skill level 1 in Charms
  2138 | D:3      | Reached skill level 1 in Summonings
  2138 | D:3      | Reached skill level 1 in Necromancy
  2138 | D:3      | Reached skill level 1 in Translocations
  2138 | D:3      | Reached skill level 1 in Transmutations
  2138 | D:3      | Reached skill level 1 in Fire Magic
  2138 | D:3      | Reached skill level 1 in Ice Magic
  2138 | D:3      | Reached skill level 1 in Air Magic
  2138 | D:3      | Reached skill level 1 in Earth Magic
  2138 | D:3      | Reached skill level 1 in Poison Magic
  2138 | D:3      | Reached XP level 5. HP: 30/47 MP: 6/6
  2454 | D:3      | Reached * piety under Trog
  2807 | D:3      | Noticed a water moccasin
  2812 | D:3      | Killed a water moccasin
  2812 | D:3      | Reached XP level 6. HP: 34/53 MP: 8/8
  3267 | D:3      | Reached skill level 5 in Dodging
  3267 | D:3      | Reached skill level 5 in Shields
  3526 | D:4      | Found a staircase to the Ecumenical Temple.
  3533 | D:4      | Noticed Robin
  3548 | D:4      | Killed Robin
  3551 | D:4      | Reached XP level 7. HP: 22/59 MP: 10/10
  3559 | D:4      | Noticed Blork the orc
  3618 | D:4      | Killed Blork the orc
  4004 | Temple   | Entered the Ecumenical Temple
  4097 | D:4      | Found a hazy altar of Hepliaklqana.
  4158 | D:4      | Found a transporter.
  4228 | D:4      | HP: 3/60 [electric eel/bolt of electricity (3)]
  4228 | D:4      | Killed from afar by an electric eel

Skill      XL: |  1  2  3  4  5  6  7 |
---------------+----------------------+-----
Invocations    | 1 2 |  2.8
Long Blades    | 1 2 |  2.5
Axes           | 1 2 |  2.5
Maces & Flails | 1 2 |  2.5
Polearms       | 1 2 |  2.5
Staves         | 1 2 |  2.5
Slings         | 1 2 |  2.5
Bows           | 1 2 |  2.5
Crossbows      | 1 2 |  2.5
Throwing       | 1 2 |  2.5
Armour         | 1 2 |  2.5
Stealth        | 1 2 |  2.5
Unarmed Combat | 1 2 |  2.5
Spellcasting   | 1 2 |  2.5
Evocations     | 1 2 |  2.5
Conjurations   | 1 2 |  2.1
Hexes          | 1 2 |  2.1
Charms         | 1 2 |  2.1
Summonings     | 1 2 |  2.1
Necromancy     | 1 2 |  2.1
Translocations | 1 2 |  2.1
Transmutations | 1 2 |  2.1
Fire Magic     | 1 2 |  2.1
Ice Magic      | 1 2 |  2.1
Air Magic      | 1 2 |  2.1
Earth Magic    | 1 2 |  2.1
Poison Magic   | 1 2 |  2.1
Dodging        | 5 |  5.3
Shields        | 5 |  5.3
Fighting       | 7 |  7.1
Short Blades   | 7 |  7.1

Action                   |  1- 3 |  4- 6 |  7- 9 || total
-------------------------+-------+-------+-------++-------
Melee: Short sword       |   101 |    49 |       ||   150
       Bite              |     5 |    13 |    15 ||    33
       Punch             |     1 |       |     2 ||     3
       War axe           |       |    95 |   117 ||   212
Invok: Berserk           |       |     1 |     2 ||     3
  Use: Potion            |     1 |     1 |     2 ||     4
       Scroll            |       |       |     5 ||     5
 Stab: Sleeping          |     3 |     3 |       ||     6
       Distracted        |     1 |       |       ||     1
  Eat: Chunk             |       |     6 |     3 ||     9
       Ration            |       |     1 |       ||     1
Armor: Robe              |     9 |    23 |    15 ||    47
Dodge: Dodged            |    48 |   112 |    51 ||   211
Block: Other             |       |    22 |    17 ||    39
       Reflection        |       |       |     1 ||     1
